 Seeded DCSS version 0.30.1-9-gdf580d7c3d (webtiles) character file.

Game seed: 7229806256980976716 (custom seed)

122 Psyclone the Magician (level 4, 24/24 HPs)
             Began as a Deep Elf Venom Mage on Oct 4, 2023.
             Quit the game on level 2 of the Dungeon.
             The game lasted 00:05:42 (2611 turns).

Psyclone the Magician (Deep Elf Venom Mage)         Turns: 2611, Time: 00:05:42

Health: 24/24      AC:  6    Str:  4    XL:     4   Next: 78%
Magic:  21/21      EV: 14    Int: 26    God:
Gold:   91         SH:  4    Dex: 19    Spells: 8/11 levels left

rFire   + + +        a - +3 Elemental Staff {rElec rF+ rC+ AC+3}
rCold   + . .        (no shield)
rNeg    + . .        c - +0 robe
rPois   +            d - +1 hat "Geale" {rF++ rN+ rCorr MP+9}
rElec   +            (no cloak)
rCorr   +            (no gloves)
SInv    +            (no boots)
Will    .....        (no amulet)
Stlth   +++          i - ring of Gocsenn {Wiz Contam rPois Int+5 SInv}
HPRegen 0.24/turn    (no ring)
MPRegen 0.17/turn

%: wizardry (x1)
@: no status effects
A: large bone plates 1, agile 1, evolution 1
a: no special abilities


You were on level 2 of the Dungeon.
You visited 1 branch of the dungeon, and saw 2 of its levels.

You collected 91 gold pieces.

Inventory:

Hand Weapons
 a - the +3 Elemental Staff (weapon) {rElec rF+ rC+ AC+3}
   (You acquired it on level 1 of the Dungeon)

   It enhances your fire, ice, earth and air magic.
   AC:        It affects your AC (+3).
   rF:        It protects you from fire.
   rC:        It protects you from cold.
   rElec:     It insulates you from electricity.
Missiles
 h - a throwing net {!f}
Armour
 c - a +0 robe (worn)
 d - the +1 hat "Geale" (worn) {rF++ rN+ rCorr MP+9}
   (You acquired it on level 1 of the Dungeon)

   rF:        It greatly protects you from fire.
   rN:        It protects you from negative energy.
   MP:        It affects your magic capacity (+9).
   rCorr:     It protects you from acid and corrosion.
Jewellery
 i - the ring of Gocsenn (left hand) {Wiz Contam rPois Int+5 SInv}
   (You acquired it on level 1 of the Dungeon)

   [ring of wizardry]

   It improves your spell success rate.
   Int:       It affects your intelligence (+5).
   rPois:     It protects you from poison.
   SInv:      It lets you see invisible.
   Contam:    It causes magical contamination when unequipped.
Scrolls
 e - a scroll of blinking {unknown}
 f - 3 scrolls of amnesia {unknown}
 g - 3 scrolls of identify {unknown}
 k - a scroll of enchant armour {unknown}
 l - a scroll of teleportation {unknown}
Potions
 b - a potion of magic
 j - a potion of might {unknown}
 m - 2 potions of brilliance {unknown}
 n - a potion of invisibility {unknown}
 o - 2 potions of curing {unknown}


   Skills:
 + Level 3.5 Dodging
 + Level 3.6 Stealth
 + Level 4.0 Spellcasting
 + Level 2.3 Transmutations
 + Level 4.0 Poison Magic


You had 8 spell levels left.
You knew the following spells:

 Your Spells              Type           Power      Damage    Failure   Level
a - Poisonous Vapours     Pois/Air       46%        N/A       2%          2
v - Sting                 Tmut/Pois      84%        1d7       1%          1

Your spell library contained the following spells:

 Spells                   Type           Power      Damage    Failure   Level
 Mephitic Cloud           Conj/Pois/Air  18%        N/A       6%          3
 Olgreb's Toxic Radiance  Pois           26%        N/A       6%          4
 Freezing Cloud           Conj/Ice/Air   5%         6-21      65%         5


Dungeon Overview and Level Annotations

Branches:
Dungeon (2/15) Zot: 9372

Altars:


Innate Abilities, Weirdness & Mutations

You are partially covered in large bone plates. (SH +4)
You are agile. (Dex +4, Str/Int -1)
You have hidden genetic potential.


Message History

The ball python closely misses you. The ball python barely misses you.
The jackal barks!
You kill the ball python!
The jackal barely misses you.
The jackal bites you but does no damage.
You hit the jackal.
The jackal is almost dead.
You completely miss the jackal. The jackal misses you.
You hit the jackal.
The jackal is moderately wounded.
The jackal bites you. The jackal barely misses you. The jackal bites you.
The jackal barely misses you.
You take 5 damage, and have 19/24 hp.
MASSIVE DAMAGE!!
You barely miss the jackal.
The jackal is lightly wounded.
The jackal barely misses you. You block the jackal's attack.
You hit the jackal.
You kill the jackal!
The jackal completely misses you. You block the jackal's attack.
You hit the jackal but do no damage.
The jackal is lightly wounded.
The jackal barely misses you. x2
MP restored: 21 You hit the jackal.
You kill the jackal!
You see here a jackal corpse.
HP restored.
f - 3 scrolls labelled FUSKUR VIKLOEP (gained 1)
You open the door.
Found a stone staircase leading up.
Health restored: 24
o - 2 black potions Key pressed, stopping explore.
Key pressed, stopping explore.
Key pressed, stopping explore.
You see here a +0 plate armour.
Key pressed, stopping explore.
Unknown command.
Unknown command.
Are you sure you want to abandon this character and quit the game? (Confirm with "yes".)

......# #...# #.........##....
.†....######...# #.........##....
....#..........# ###......(##....
....#..........#####.......##...#
....#..........(...........##..†#
................................†
.....##....#.....................
#..........##+#......###.........
#####...........@....# #.........
#####................# ######....
##.............##############....
#..............'............#....
#..............#.#######....#....
.................#..........#....
..<.#....####+#..#.####.....#....
...##....# ##.#....#####....#....
...##....# #.............####....


There were no monsters in sight!

Vanquished Creatures
  A jelly (D:2)
  4 adders (D:2)
  2 worms (D:2)
  6 ball pythons
  4 bats
  2 endoplasms (D:2)
  2 giant cockroaches (D:1)
  2 goblins
  5 hobgoblins
  12 jackals
  3 quokkas
  A frilled lizard (D:1)
  3 rats
47 creatures vanquished.

Notes
Turn   | Place    | Note
-------+----------+-------------------------------------------
     0 | D:1      | Psyclone the Deep Elf Venom Mage began the quest for the
                  | Orb.
     0 | D:1      | Reached XP level 1. HP: 10/10 MP: 6/6
    60 | D:1      | Identified 3 scrolls of acquirement
    60 | D:1      | Acquired the +3 Elemental Staff {rElec rF+ rC+ AC+3}
    60 | D:1      | Found the +3 Elemental Staff {rElec rF+ rC+ AC+3}
   539 | D:1      | Acquired the +1 hat "Geale" {rF++ rN+ rCorr MP+9}
   558 | D:1      | Acquired the ring of Gocsenn {Wiz Contam rPois Int+5 SInv}
   727 | D:1      | Gained mutation: You have hidden genetic potential. [potion
                  | of mutation]
   727 | D:1      | Gained mutation: You have great hidden genetic potential.
                  | [potion of mutation]
  1040 | D:1      | Reached XP level 2. HP: 15/15 MP: 8/8
  1042 | D:1      | Gained mutation: You are partially covered in large bone
                  | plates. (SH +4) [hidden potential]
  1073 | D:1      | Learned a level 2 spell: Poisonous Vapours
  1597 | D:2      | Reached XP level 3. HP: 19/19 MP: 9/9
  1601 | D:2      | Gained mutation: You are agile. (Dex +4, Str/Int -1)
                  | [hidden potential]
  1601 | D:2      | Lost mutation: You have great hidden genetic potential.
                  | [hidden potential expressed]
  1960 | D:2      | Reached XP level 4. HP: 18/24 MP: 11/11
  2611 | D:2      | Quit the game

Illustrated notes

Levels and vault maps discovered:
D:1:      spicycebolla_arrival_ecumenical, layout_loops_ring
D:2:      layout_basic

Skill      XL: |  1  2  3  4 |
---------------+-------------+-----
Stealth        | 3 |  3.6
Dodging        | 3 |  3.5
Transmutations | 2 |  2.3
Spellcasting   | 4 |  4.0
Poison Magic   | 4 |  4.0

Action                     |  1- 3 |  4- 6 || total
---------------------------+-------+-------++-------
  Melee: Staff             |    62 |    28 ||    90
         Punch             |     1 |       ||     1
   Cast: Sting             |    13 |     5 ||    18
         Poisonous Vapours |    31 |    17 ||    48
    Use: Scroll            |     3 |       ||     3
         Potion            |     1 |       ||     1
 Armour: Robe              |    18 |    12 ||    30
  Dodge: Dodged            |    37 |    26 ||    63
  Block: Other             |     8 |     9 ||    17
